 Dungeon Crawl Stone Soup version 0.19.0-19-g8c6edcc (webtiles) character file.

41 Leibowitz the Stinger (level 3, 0/28 HPs)
             Began as a Naga Venom Mage on Nov 13, 2016.
             Succumbed to an adder's poison
             ... on level 2 of the Dungeon.
             The game lasted 00:06:40 (1667 turns).

Leibowitz the Stinger (Naga Venom Mage)             Turns: 1667, Time: 00:06:41

Health: 0/28       AC:  4    Str: 10    XL:     3   Next: 52%
Magic:  2/6        EV: 15    Int: 16    God:
Gold:   70         SH:  0    Dex: 16    Spells: 2 memorised, 2 levels left

rFire  . . .     SeeInvis +     a - +0 dagger
rCold  . . .     Gourm    .     h - +0 leather armour
rNeg   . . .     Faith    .     (no shield)
rPois  +         Spirit   .     (no helmet)
rElec  .         Reflect  .     g - +1 cloak
rCorr  .         Harm     .     (no gloves)
MR     .....                    (no barding)
Stlth  +++.......               (no amulet)
                                (no ring)
                                (no ring)

@: agile, lethally poisoned (0 -> -4), very slightly contaminated, invisible,
very slow
A: see invisible, deformed body, poison resistance, slowness 2, slow metabolism
1, spit poison 1, AC +1
a: Spit Poison


You were on level 2 of the Dungeon.
You were not hungry.

You visited 1 branch of the dungeon, and saw 2 of its levels.

You collected 70 gold pieces.

Inventory:

Hand Weapons
 a - a +0 dagger (weapon)
Armour
 g - a +1 cloak (worn)
 h - a +0 leather armour (worn)
Scrolls
 d - a scroll of remove curse {unknown}
 f - a scroll of teleportation {unknown}
 k - a scroll of amnesia {unknown}
Potions
 e - a potion of agility
Books
 b - a Young Poisoner's Handbook

   Spells                             Type                      Level
   a - Sting                          Conjuration/Poison           1
   b - Mephitic Cloud                 Conjuration/Poison/Air       3
   c - Olgreb's Toxic Radiance        Poison                       4
   d - Alistair's Intoxication        Transmutation/Poison         5
   e - Venom Bolt                     Conjuration/Poison           5
Comestibles
 c - a bread ration
 j - a chunk of flesh


   Skills:
 + Level 0.4 Armour
 + Level 1.7 Dodging
 + Level 3.2 Stealth
 + Level 2.1 Spellcasting
 + Level 0.6 Conjurations
 + Level 6.3 Poison Magic


You had 2 spell levels left.
You knew the following spells:

 Your Spells              Type           Power        Failure   Level  Hunger
a - Sting                 Conj/Pois      ##..         10%         1    #......
b - Mephitic Cloud        Conj/Pois/Air  #.......     38%         3    ###....


Dungeon Overview and Level Annotations

Branches:
Dungeon (2/15)

Altars:
Fedhas


Innate Abilities, Weirdness & Mutations

You cannot wear boots.
Your serpentine skin is tough. (AC +1)
You have supernaturally acute eyesight. (SInv)
Armour fits poorly on your strangely shaped body.
Your system is resistant to poisons. (rPois)
You cover ground very slowly.
You have a slow metabolism.
You can spit poison.


Message History

You fade into invisibility!
* * * LOW HITPOINT WARNING * * *
You feel sick. The adder bites you.
* * * LOW HITPOINT WARNING * * *
The adder closely misses you.
You completely miss the adder.
The adder is severely wounded.
The adder bites you but does no damage.
You hit the adder.
You kill the adder!
* * * LOW HITPOINT WARNING * * *
You feel sick.
You strike the helpless kobold from behind!
You puncture the kobold!
You kill the kobold!
* * * LOW HITPOINT WARNING * * *
You feel sick.
Things that are here:
a dagger; a kobold corpse; an adder corpse You die...

#.
...##.#.........#
#. ...
#.#.######### #.
..> #.#.# #.
....#.#.# #.#.#
#... #.#.#
...####.#.#
....##)#.#
#...##@#.#
#...##.#.#
######...##.#.#####
.........##.......#
..................#
.........###......#
.....#(## #......#
.... #†# #......#
.# #.# #........


There were no monsters in sight!

Vanquished Creatures
  An adder (D:2)
  A worm (D:2)
  A dart slug (D:1)
  A leopard gecko (D:1)
  4 bats (D:1)
  2 giant cockroaches
  A goblin (D:1)
  5 hobgoblins
  2 jackals (D:2)
  A frilled lizard (D:1)
  4 kobolds
  3 rats
26 creatures vanquished.

Notes
Turn   | Place    | Note
-------+----------+-------------------------------------------
     0 | D:1      | Leibowitz the Naga Venom Mage began the quest for the Orb.
     0 | D:1      | Reached XP level 1. HP: 15/15 MP: 3/3
   139 | D:1      | Reached XP level 2. HP: 14/22 MP: 1/5
   388 | D:1      | Reached skill level 6 in Poison Magic
   955 | D:2      | HP: 1/22 [hobgoblin/club (3)]
   980 | D:2      | HP: 1/22 [kobold/club (3)]
  1310 | D:2      | Reached XP level 3. HP: 19/28 MP: 2/6
  1430 | D:2      | Learned a level 3 spell: Mephitic Cloud
  1621 | D:2      | Found a blossoming altar of Fedhas.
  1666 | D:2      | HP: 1/28 [poisoned by an adder]
  1667 | D:2      | Succumbed to an adder's poison

Skill      XL: |  1  2 |
---------------+-------+-----
Poison Magic   | 6 |  6.3
Armour         | |  0.4
Dodging        | |  1.7
Stealth        | |  3.2
Spellcasting   | |  2.1
Conjurations   | |  0.6

Action                   || total
-------------------------++-------
Melee: Dagger            ||    65
 Cast: Sting             ||    38
       Mephitic Cloud    ||     1
  Use: Potion            ||     2
 Stab: Sleeping          ||     3
       Invisible         ||     1
  Eat: Chunk             ||     2
Armor: Leather armour    ||    45
Dodge: Dodged            ||    51
